 Dungeon Crawl Stone Soup version 0.29.1-2-gbd0b4ee654 (webtiles) character file.

Game seed: 11199095893337002100

23 llahlahkje the Insei (level 2, -1/26 HPs)
             Began as a Draconian Monk on Oct 25, 2022.
             Slain by a kobold
             ... wielding a +0 short sword
              (4 damage)
             ... on level 2 of the Dungeon.
             The game lasted 00:04:15 (1201 turns).

llahlahkje the Insei (Draconian Monk)               Turns: 1201, Time: 00:04:15

Health: -1/26      AC:  5    Str: 13    XL:     2   Next: 75%
Magic:  2/2        EV: 12    Int: 10    God:
Gold:   63         SH:  0    Dex: 13    Spells: 1/1 levels left

rFire   . . .      SeeInvis .     - Unarmed
rCold   . . .      Faith    .   (no shield)
rNeg    . . .      Spirit   .   (body armour unavailable)
rPois   .          Reflect  .   (helmet restricted)
rElec   .          Harm     .   (no cloak)
rCorr   .          Rampage  .   (no gloves)
Will    .....                   c - +0 pair of boots
Stlth   ++........              (no amulet)
HPRegen 0.08/turn               (no ring)
MPRegen 0.08/turn               (no ring)

@: no status effects
A: AC +4, unfitting armour, cold-blooded
a: no special abilities


You were on level 2 of the Dungeon.
You visited 1 branch of the dungeon, and saw 2 of its levels.

You collected 63 gold pieces.

Inventory:

Armour
 c - a +0 pair of boots (worn)
Potions
 a - a potion of ambrosia
 b - 2 potions of attraction


   Skills:
 - Level 3.2 Fighting
 - Level 2.6 Dodging
 - Level 1.7 Stealth
 + Level 4.1 Unarmed Combat


You had one spell level left.
You didn't know any spells.
Your spell library contained the following spells:

 Spells                   Type           Power      Damage    Failure   Level
 Ensorcelled Hibernation  Hex/Ice        0%         N/A       50%         2
 Passwall                 Tmut/Erth      0%         N/A       50%         2
 Swiftness                Air            0%         N/A       75%         3


Dungeon Overview and Level Annotations

Branches:
Dungeon (2/15)

Altars:

Shops:
D:1 *=:[


Innate Abilities, Weirdness & Mutations

Your plain brown scales are hard. (AC +4)
You cannot fit into any form of body armour.
You are cold-blooded and may be slowed by cold attacks.


Message History

You kill the quokka!
The kobold throws a stone.
The stone hits you but does no damage.
Your Unarmed Combat skill increases to level 4!
The kobold throws a stone.
The stone hits you but does no damage.
You see here a quokka corpse.
The kobold throws a stone.
The stone hits you but does no damage. The dart slug launches a dart at you.
The slug dart misses you.
The kobold throws a stone.
The stone barely misses you. The kobold barely misses you.
The dart slug completely misses you.
You hit the dart slug but do no damage.
The kobold hits you with a +0 short sword.
The dart slug launches a dart at you. The slug dart hits you.
You hit the dart slug but do no damage. The kobold misses you.
You hit the dart slug but do no damage.
The kobold hits you with a +0 short sword.
The dart slug barely misses you.
You hit the dart slug.
The dart slug is heavily wounded.
The kobold hits you with a +0 short sword.
The dart slug launches a dart at you. The slug dart misses you.
You hit the dart slug but do no damage.
The dart slug is heavily wounded.
The kobold barely misses you.
You hit the dart slug.
The dart slug is severely wounded.
The kobold barely misses you. The dart slug misses you.
You hit the dart slug.
You kill the dart slug!
The kobold completely misses you.
Found a book of Dreams.
The kobold hits you with a +0 short sword.
* * * LOW HITPOINT WARNING * * *
You see here a dart slug corpse.
The kobold hits you with a +0 short sword.
* * * LOW HITPOINT WARNING * * *
The kobold hits you with a +0 short sword.
You die...

# #.#. .#:
.. ##.###
#....###.##.
#...........
#.$$.#
#..@K#
#...†#
#....#
#....#
###....##
#.....†.#
#.......#
#.......#
#..)....#


You could see a kobold.

Vanquished Creatures
  3 dart slugs
  2 ball pythons (D:1)
  3 endoplasms (D:1)
  A giant cockroach (D:1)
  3 quokkas
  A frilled lizard (D:1)
  A kobold (D:1)
  2 rats (D:1)
16 creatures vanquished.

Notes
Turn   | Place    | Note
-------+----------+-------------------------------------------
     0 | D:1      | llahlahkje the Draconian Monk began the quest for the Orb.
     0 | D:1      | Reached XP level 1. HP: 19/19 MP: 1/1
   124 | D:1      | Found Qiemeuf's Jewellery Boutique.
   570 | D:1      | Found Zawaorifi's General Store.
   819 | D:1      | Reached XP level 2. HP: 26/26 MP: 2/2
  1118 | D:1      | Found Fyowol's Armour Boutique.
  1142 | D:1      | Found Eneese's Book Boutique.
  1187 | D:2      | Reached skill level 4 in Unarmed Combat
  1201 | D:2      | Slain by a kobold

Illustrated notes

Levels and vault maps discovered:
D:1:      lemuel_arrival_behind_the_door_large, layout_loops_ring, serial_shops,
          shop, shop_statue, nicolae_shop_hallway_stairs, nicolae_lakefront_shop
D:2:      minmay_general_purpose_star, layout_basic,
          shapermc_ecumenical_altar_mp_vishouse, roderic_malta_cross

Skill      XL: |  1  2 |
---------------+-------+-----
Unarmed Combat | 4 |  4.1
Fighting       | |  3.2
Dodging        | |  2.6
Stealth        | |  1.7

Action                   || total
-------------------------++-------
Melee: Unarmed           ||    65
       Tailslap          ||     5
       Punch             ||     1
  Use: Scroll            ||     1
       Potion            ||     1
 Stab: Sleeping          ||     1
Armor: Skin              ||    20
Dodge: Dodged            ||    35
